 Dungeon Crawl Stone Soup version 0.19-a0-1268-g6c5d9f8 (webtiles) character file.

634 Kidiri the Magician (level 7, -2/38 HPs)
             Began as a Deep Elf Fire Elementalist on Aug 29, 2016.
             Shot with an arrow by a centaur (8 damage)
             ... on level 5 of the Dungeon.
             The game lasted 00:15:00 (5723 turns).

Kidiri the Magician (Deep Elf Fire Elementalist)    Turns: 5723, Time: 00:15:01

Health: -2/38      AC:  4    Str:  5    XL:     7   Next: 24%
Magic:  19/19      EV: 13    Int: 22    God:
Gold:   172        SH:  0    Dex: 15    Spells: 6 memorised, 2 levels left

rFire  x . .     SeeInvis .     e - +3 dagger
rCold  + . .     Gourm    .     a - +0 robe
rNeg   . . .     Faith    .     (no shield)
rPois  +         Spirit   .     q - +1 hat
rElec  .         Dismiss  .     (no cloak)
rCorr  .         Reflect  .     p - +0 pair of gloves
MR     .....     Harm     .     (no boots)
Stlth  ++........               (no amulet)
                                d - ring of ice
                                l - ring of poison resistance

@: no status effects
A: no striking features
a: no special abilities


You were on level 5 of the Dungeon.
You were not hungry.

You visited 1 branch of the dungeon, and saw 5 of its levels.

You collected 172 gold pieces.

Inventory:

Hand Weapons
 e - a +3 dagger (weapon)
 i - a +0 dagger of holy wrath
Armour
 a - a +0 robe (worn)
 p - a +0 pair of gloves (worn)
 q - a +1 hat (worn)
Jewellery
 d - a ring of ice (right hand)
 l - a ring of poison resistance (left hand)
Wands
 h - a wand of paralysis (10/24)
Scrolls
 g - 6 scrolls of teleportation
 j - a scroll of recharging
 u - 2 scrolls of enchant weapon {unknown}
 v - a scroll of enchant armour {unknown}
 y - a scroll of remove curse
Potions
 f - a potion of flight
 k - a potion of might
 n - a potion of heal wounds
 o - 4 potions of curing {unknown}
 w - a potion of berserk rage
 z - a potion of brilliance {unknown}
Books
 b - a book of Flames

   Spells                             Type                      Level
   a - Flame Tongue                   Conjuration/Fire             1
   b - Throw Flame                    Conjuration/Fire             2
   c - Conjure Flame                  Conjuration/Fire             3
   d - Inner Flame                    Hexes/Fire                   3
   e - Sticky Flame                   Conjuration/Fire             4
   f - Fireball                       Conjuration/Fire             5
Comestibles
 c - 3 bread rations
 m - a chunk of flesh
 r - 3 meat rations
 s - 12 fruits
 t - a royal jelly
 x - a beef jerky


   Skills:
 + Level 1.2 Fighting
 + Level 0.8 Short Blades
 + Level 0.8 Armour
 + Level 2.8 Dodging
 - Level 2.4 Stealth
 * Level 7.1 Spellcasting
 + Level 3.8 Conjurations
 + Level 5.4 Fire Magic
 + Level 0.2 Evocations


You had 2 spell levels left.
You knew the following spells:

 Your Spells              Type           Power        Failure   Level  Hunger
a - Flame Tongue          Conj/Fire      ####.        1%          1    None
b - Throw Flame           Conj/Fire      ####..       1%          2    None
c - Conjure Flame         Conj/Fire      ####....     4%          3    None
d - Inner Flame           Hex/Fire       ###.....     12%         3    None
e - Sticky Flame          Conj/Fire      ####....     14%         4    ###....
f - Fireball              Conj/Fire      ####......   38%         5    #####..


Dungeon Overview and Level Annotations

Branches:
Dungeon (5/15)
 Temple: D:4-7

Altars:
Ashenzari
Cheibriados
Qazlal
Ru
Uskayaw


Message History

No target in view!
No target in view!
You see here a giant gecko corpse.
You butcher the giant gecko corpse.
m - a chunk of flesh You see here a giant gecko skeleton.
A centaur comes into view.
The centaur shouts!
The centaur picks up a scroll of remove curse.
The centaur wields a shortbow.
The centaur shoots an arrow.
The arrow hits you.
The centaur shoots an arrow.
The arrow closely misses you.
You see here an arrow.
The centaur shoots an arrow.
The arrow hits you!
You see here an arrow.
The centaur shoots an arrow.
The arrow hits you!
You see here an arrow.
The centaur shoots an arrow.
The arrow hits you.
* * * LOW HITPOINT WARNING * * *
The centaur shoots an arrow.
The arrow hits you!
You die...

#......# #.#
#......# #.#
###.#....## #.#
#...#...... #.#
#.#####.... #.#
#...#.....> #c#
###.#...... #.#
#......## #@#
##.#...# ##(##
#.#####
##..(########...#
#...(........##.#
##..(#######.##รท#
##.## #.##.# ###
#.##.# #.##.#
#.##.#


You could see a centaur.

Vanquished Creatures
  The ghost of ilikecats the Basher, an amateur MiMo (D:3)
  A giant frog zombie (D:5)
  A hound (D:4)
  An orc priest (D:4)
  An orc wizard (D:4)
  Jessica (D:3)
  Natasha (twice) (D:4)
  4 worker ants
  A hound skeleton (D:4)
  8 adders
  An ooze (D:1)
  3 worms
  A dart slug (D:3)
  4 giant geckos
  12 orcs
  A ball python (D:1)
  9 giant cockroaches
  4 goblins
  2 hobgoblins (D:1)
  10 jackals
  3 quokkas
  11 bats
  4 giant newts
  A jackal skeleton (D:4)
  6 kobolds
  6 rats
99 creatures vanquished.

Notes
Turn   | Place    | Note
-------+----------+-------------------------------------------
     0 | D:1      | Kidiri the Deep Elf Fire Elementalist began the quest for the Orb.
     0 | D:1      | Reached XP level 1. HP: 10/10 MP: 6/6
   250 | D:1      | Reached XP level 2. HP: 15/15 MP: 5/8
   298 | D:1      | Learned a level 2 spell: Throw Flame
   870 | D:2      | Reached XP level 3. HP: 19/19 MP: 2/10
   875 | D:2      | Learned a level 3 spell: Conjure Flame
   879 | D:2      | Learned a level 3 spell: Inner Flame
  1043 | D:2      | Reached skill level 4 in Spellcasting
  1560 | D:2      | Found a snail-covered altar of Cheibriados.
  1560 | D:2      | Found a hide-covered altar of Uskayaw.
  1561 | D:2      | Found a stormy altar of Qazlal.
  1714 | D:2      | Found a sacrificial altar of Ru.
  2521 | D:3      | Noticed ilikecats's ghost (amateur MiMo)
  2652 | D:3      | Killed ilikecats's ghost
  2652 | D:3      | Reached skill level 5 in Spellcasting
  2652 | D:3      | Reached XP level 4. HP: 24/24 MP: 6/13
  2652 | D:3      | Reached XP level 5. HP: 28/28 MP: 6/15
  2899 | D:3      | Learned a level 4 spell: Sticky Flame
  3273 | D:3      | Noticed Jessica
  3284 | D:3      | Killed Jessica
  3284 | D:3      | Reached skill level 5 in Fire Magic
  3379 | D:3      | Reached skill level 6 in Spellcasting
  3437 | D:3      | Reached XP level 6. HP: 32/32 MP: 13/17
  4134 | D:4      | Learned a level 5 spell: Fireball
  4421 | D:4      | Reached skill level 1 in Fighting
  4604 | D:4      | Found a shattered altar of Ashenzari.
  4815 | D:4      | Noticed Natasha
  4831 | D:4      | Killed Natasha
  5039 | D:4      | Reached XP level 7. HP: 38/38 MP: 19/19
  5121 | D:4      | Noticed Natasha
  5124 | D:4      | Killed Natasha
  5176 | D:5      | Entered Level 5 of the Dungeon
  5221 | D:5      | Reached skill level 7 in Spellcasting
  5723 | D:5      | Shot with an arrow by a centaur

Vault maps used:
D:1:      matt_arrival_refuge
D:2:      gammafunk_temple_overflow_claw, old_standard_altar, first_bread,
          hex_large, grunt_ministairs_3
D:3:      minmay_misc_feat_five, uniq_jessica
D:4:      lemuel_coloured_pillars_altar, guppyfry_early_lair_pool, uniq_natasha
D:5:      item_on_display_a

Skill      XL: |  1  2  3  4  5  6  7 |
---------------+----------------------+-----
Fire Magic     | 4 5 |  5.4
Spellcasting   | 5 6 7 |  7.1
Conjurations   | 3 |  3.8
Fighting       | 1 |  1.2
Short Blades   | |  0.8
Armour         | |  0.8
Dodging        | |  2.8
Stealth        | |  2.4
Evocations     | |  0.2

Action                   |  1- 3 |  4- 6 |  7- 9 || total
-------------------------+-------+-------+-------++-------
Melee: Unarmed           |     2 |    12 |       ||    14
       Dagger            |     8 |    56 |    20 ||    84
       Rapier            |    18 |       |       ||    18
 Cast: Flame Tongue      |    70 |    80 |     2 ||   152
       Throw Flame       |     6 |     8 |     1 ||    15
       Inner Flame       |     1 |     4 |       ||     5
       Conjure Flame     |     1 |     2 |       ||     3
       Sticky Flame      |       |     1 |     3 ||     4
  Use: Scroll            |     9 |     4 |       ||    13
       Potion            |     1 |     1 |       ||     2
 Stab: Sleeping          |     2 |     2 |     2 ||     6
  Eat: Chunk             |     4 |     8 |     2 ||    14
       Beef jerky        |     1 |       |       ||     1
Armor: Robe              |    14 |    34 |       ||    48
Dodge: Dodged            |    33 |   132 |    20 ||   185
